 Dungeon Crawl Stone Soup version 0.18-a0-670-g393520a (webtiles) character file.

1143 Proton the Shield-Bearer (level 8, -2/63 HPs)
             Began as a Formicid Fighter on Dec 6, 2015.
             Was a Priest of Ru.
             Slain by an ogre
             ... wielding a +0 giant club
              (25 damage)
             ... on level 6 of the Dungeon.
             The game lasted 00:11:12 (4502 turns).

Proton the Shield-Bearer (Formicid Fighter)         Turns: 4502, Time: 00:11:12

Health: -2/63      AC: 11    Str: 24    XL:     8   Next: 64%
Magic:  8/8        EV: 13    Int:  9    God:    Ru [***...]
Gold:   254        SH:  5    Dex: 10    Spells: 0 memorised, 7 levels left

rFire  . . .     SeeInvis +     a - +0 war axe
rCold  . . .     Clarity  .     b - +0 scale mail
rNeg   . . .     SustAt   .     q - +0 buckler (curse)
rPois  .         Gourm    .     (helmet unavailable)
rElec  .         Spirit   .     B - +0 cloak
rCorr  .         Dismiss  .     s - +0 pair of gloves
rMut   .         Stasis   +     k - +0 pair of boots
MR     .....                    (no amulet)
Stlth  ..........               r - +2 ring of evasion
                                l - +2 ring of intelligence

@: not resistant to hostile enchantments, extremely unstealthy
A: permanent stasis, dig shafts and tunnels, four strong arms, antennae 3,
inability to use devices
a: Dig, Shaft Self, Draw Out Power, Renounce Religion


You were on level 6 of the Dungeon.
You worshipped Ru.
Ru was most pleased with you.
You were not hungry.

You visited 2 branches of the dungeon, and saw 7 of its levels.

You collected 254 gold pieces.

Inventory:

Hand Weapons
 a - a +0 war axe (weapon)
 v - a +2 falchion of flaming
Armour
 b - a +0 scale mail (worn)
 c - a +0 shield
 k - a +0 pair of boots (worn)
 q - a cursed +0 buckler (worn)
 s - a +0 pair of gloves (worn)
 B - a +0 cloak (worn)
Jewellery
 l - a +2 ring of intelligence (left hand)
 r - a +2 ring of evasion (right hand)
Wands
 z - a wand of draining (8)
 A - a wand of slowing (16)
Scrolls
 g - a scroll of recharging {unknown}
 j - a scroll of enchant weapon {unknown}
 m - a scroll of fear {unknown}
 o - a scroll of fog {unknown}
 t - 2 scrolls of magic mapping {unknown}
 u - 2 scrolls of teleportation {unknown}
 y - a scroll of random uselessness {unknown}
 C - a scroll of immolation
 D - a scroll of remove curse
Potions
 d - 2 potions of might
 i - a potion of curing
 n - a potion of agility
 p - a potion of ambrosia
 x - 2 potions of flight
Comestibles
 e - 2 bread rations
 f - 2 meat rations
 w - 5 fruits


   Skills:
 + Level 5.4 Fighting
 * Level 5.8 Axes
 + Level 5.4 Armour
 + Level 3.3 Dodging
 + Level 5.9 Shields


You had 7 spell levels left.
You didn't know any spells.

Dungeon Overview and Level Annotations

Branches:
Dungeon (6/15)             Temple (1/1) D:4

Altars:
Ashenzari
Cheibriados
Dithmenos
Elyvilon
Gozag
Kikubaaqudgha
Makhleb
Pakellas
Qazlal
Ru
Sif Muna
Vehumet
Xom
Yredelemnul
Zin
The Shining One

Annotations:
D:5 Pikel; Prince Ribbit; Proton's ghost, amateur FoFi


Innate Abilities, Weirdness & Mutations

You are under a permanent stasis effect.
You can dig through walls and to a lower floor.
Your four strong arms can wield two-handed weapons with a shield.
You have a pair of large antennae on your head (SInv).
You cannot study or use magical devices.


Message History

You hit the ooze but do no damage. The ooze hits you.
You slash the ooze!
You kill the ooze!
An ogre comes into view. It is wielding a giant club.
An ogre is nearby!
The ogre shouts!
The ogre moves out of view.
The jelly quivers.
You hit the phantom.
The phantom is lightly damaged.
You barely miss the jelly.
The phantom blinks!
The jelly hits you.
You are splashed with acid!
The acid burns!
You slash the jelly!
You kill the jelly!
You extend your mandibles.
You dig through the rock wall.
You retract your mandibles.
The phantom blinks!
The ogre hits you with a giant club!!
You die...

#####...# ## #...#
##.## #...# ##.♣.##
####.##
##.....####....#
#.♣...♣.#...####
#..........##
.###...>......#
.........@....#
###.♣..O♣)..##
#....[...#
##..♣.##(.#
#.#####.W....#..# .
........###.#..# ...
####.......÷...# #..
##..#.#.......###
#.##...<.#.###.....#


You could see a phantom and an ogre.

Vanquished Creatures
  Duvessa (D:5)
  A slave (D:4)
  A centaur (D:5)
  2 ogres
  Blork the orc (D:5)
  Dowan (D:5)
  3 jellies (D:6)
  A crimson imp (D:6)
  Ijyb (D:3)
  A hound (D:6)
  2 orc wizards (D:6)
  A giant frog skeleton (D:4)
  An iguana (D:4)
  5 worker ants
  A hound skeleton (D:4)
  A hound zombie (D:5)
  2 gnolls (D:6)
  A worker ant zombie (D:4)
  A shadow imp (D:6)
  7 adders
  10 oozes
  An adder skeleton (D:6)
  3 worms
  3 giant geckos
  14 orcs
  2 giant cockroaches
  5 hobgoblins
  5 jackals
  14 kobolds
  2 quokkas (D:4)
  12 bats
  A giant gecko skeleton (D:4)
  3 giant newts
  5 goblins
  5 rats
120 creatures vanquished.

Vanquished Creatures (others)
  8 fungi (D:6)
8 creatures vanquished.

Grand Total: 128 creatures vanquished

Notes
Turn   | Place    | Note
--------------------------------------------------------------
     0 | D:1      | Proton the Formicid Fighter began the quest for the Orb.
     0 | D:1      | Reached XP level 1. HP: 18/18 MP: 1/1
    27 | D:1      | Reached XP level 2. HP: 17/24 MP: 2/2
   346 | D:1      | Reached XP level 3. HP: 24/29 MP: 3/3
   449 | D:1      | Reached skill level 1 in Dodging
   927 | D:2      | Reached skill level 4 in Shields
  1022 | D:2      | Found a shimmering altar of Xom.
  1025 | D:2      | Found a basalt altar of Yredelemnul.
  1068 | D:2      | Found an ancient bone altar of Kikubaaqudgha.
  1069 | D:2      | Found an opulent altar of Gozag.
  1117 | D:2      | Reached XP level 4. HP: 35/35 MP: 4/4
  1395 | D:3      | Noticed Ijyb
  1411 | D:3      | Killed Ijyb
  1482 | D:3      | Reached XP level 5. HP: 30/42 MP: 5/5
  2051 | D:4      | Noticed an ogre
  2068 | D:5      | Entered Level 5 of the Dungeon
  2068 | D:5      | Noticed Proton's ghost (amateur FoFi)
  2099 | D:4      | Killed an ogre
  2099 | D:4      | Reached XP level 6. HP: 30/48 MP: 6/6
  2361 | D:4      | Reached skill level 5 in Shields
  2768 | D:4      | Found a staircase to the Ecumenical Temple.
  2888 | Temple   | Entered the Ecumenical Temple
  3127 | Temple   | Became a worshipper of Ru the Awakened
  3292 | D:5      | Noticed a slave
  3293 | D:5      | Noticed a slave
  3293 | D:5      | Noticed Prince Ribbit
  3295 | D:5      | Noticed Pikel
  3295 | D:5      | Noticed a slave
  3302 | D:5      | Reached XP level 7. HP: 55/55 MP: 7/7
  3426 | D:5      | Noticed Blork the orc
  3432 | D:5      | Killed Blork the orc
  3710 | D:5      | Noticed Dowan
  3739 | D:5      | Killed Dowan
  3759 | D:5      | Noticed Duvessa
  3800 | D:5      | Killed Duvessa
  3989 | D:5      | Reached skill level 5 in Fighting
  3989 | D:5      | Reached skill level 5 in Axes
  3989 | D:5      | Reached XP level 8. HP: 42/62 MP: 8/8
  4085 | D:5      | Reached skill level 5 in Armour
  4378 | D:6      | Gained mutation: You cannot study or use magical devices. [Ru sacrifice]
  4378 | D:6      | Reached * piety under Ru
  4378 | D:6      | Reached ** piety under Ru
  4378 | D:6      | Reached *** piety under Ru
  4502 | D:6      | Slain by an ogre

Vault maps used:
D:1:      dpeg_arrival_arbitrary_b, serial_bayou_pond_c
D:2:      nicolae_overflow_hidden_temple, first_bread,
          hangedman_abyss_or_decor_stabs
D:3:      uniq_iyjb
D:4:      temple_green
D:5:      uniq_grinder, uniq_pikel, uniq_duvessa, uniq_blork_the_orc,
          uniq_prince_ribbit1
D:6:      lemuel_slime, basic_altar, hangedman_feature_mirror,
          grunt_decor_one_mirror, grunt_ministairs_2, feat_on_display
Temple:   oiseaux_autumnal_temple_12

Action                   |  1- 3 |  4- 6 |  7- 9 || total
-------------------------+-------+-------+-------++-------
Melee: War axe           |   109 |   194 |   245 ||   548
Invok: Sacrifice Artific |       |       |     1 ||     1
 Abil: Dig               |     1 |       |     3 ||     4
  Use: Scroll            |       |       |     6 ||     6
 Stab: Distracted        |       |       |     1 ||     1
  Eat: Bread ration      |       |     1 |     1 ||     2
       Meat ration       |       |     1 |       ||     1
       Royal jelly       |       |       |     1 ||     1
